 Dungeon Crawl Stone Soup version 0.28.0-49-g6dfe1f597d (webtiles) character file.

Game seed: 97405787502562156

13832 acdeimund the Protected (level 11, -6/106 HPs)
             Began as a Deep Dwarf Fighter on May 13, 2022.
             Was an Elder of Trog.
             Mangled by a black mamba (12 damage)
             ... on level 2 of the Lair of Beasts.
             The game lasted 00:49:30 (10804 turns).

acdeimund the Protected (Deep Dwarf Fighter)       Turns: 10804, Time: 00:49:31

Health: -6/106     AC: 17    Str: 30    XL:     11   Next: 80%
Magic:  0/0        EV:  8    Int:  9    God:    Trog [****..]
Gold:   621        SH: 11    Dex: 12    Spells: 10/10 levels left

rFire   . . .      SeeInvis .   a - +1 war axe (flame)
rCold   . . .      Faith    .   c - +0 buckler
rNeg    . . .      Spirit   .   o - +0 plate armour
rPois   .          Reflect  +   (no helmet)
rElec   .          Harm     .   l - scarf {repulsion}
rCorr   .          Rampage  .   K - +1 pair of gloves
Will    +....                   (no boots)
Stlth   ..........              u - amulet of reflection
HPRegen 0.00/turn               D - +6 ring of strength
MPRegen 0.07/turn               (no ring)

@: lethally poisoned (-6 -> -14), repel missiles
A: damage resistance, heal wounds, sense surroundings 2, no regeneration
a: Heal Wounds, Renounce Religion, Berserk, Trog's Hand, Brothers in Arms


You were on level 2 of the Lair of Beasts.
You worshipped Trog.
Trog was greatly pleased with you.
You visited 3 branches of the dungeon, and saw 13 of its levels.
You also visited: Ossuary.

You collected 621 gold pieces.

Inventory:

Hand Weapons
 a - a +1 war axe of flaming (weapon)
 F - a +0 short sword
 I - a +1 war axe of holy wrath
Missiles
 t - 6 javelins (quivered)
 y - 7 throwing nets
 G - 2 curare-tipped darts
 H - 16 poisoned darts
Armour
 c - a +0 buckler (worn)
 l - a scarf of repulsion (worn)
 o - a +0 plate armour (worn)
 K - a +1 pair of gloves (worn)
Jewellery
 u - an amulet of reflection (around neck)
 D - a +6 ring of strength (left hand)
 O - a ring of flight
Wands
 b - a wand of iceblast (2)
 e - a wand of polymorph (5)
 j - a wand of flame (38)
 A - a wand of paralysis (9)
 J - a wand of charming (5)
Scrolls
 f - a scroll of fear
 h - 2 scrolls of noise
 k - a scroll of identify
 p - 5 scrolls of teleportation
 w - a scroll of blinking
 C - a scroll of magic mapping
 L - 2 scrolls of fog
 N - a scroll of enchant weapon
Potions
 d - a potion of haste {unknown}
 g - 4 potions of resistance
 i - 4 potions of flight
 m - 4 potions of attraction
 n - 7 potions of curing
 q - a potion of heal wounds {unknown}
 r - a potion of cancellation {unknown}
 s - 2 potions of brilliance
 v - a potion of degeneration {unknown}
 x - 3 potions of magic
 z - 4 potions of mutation {unknown}
 B - 3 potions of invisibility
 E - a potion of berserk rage {unknown}
 M - a potion of lignification {unknown}


   Skills:
 * Level 9.2 Fighting
 * Level 10.6 Axes
 * Level 10.9 Armour
 * Level 10.9 Shields
 + Level 5.0 Evocations


You had 10 spell levels left.
You didn't know any spells.
Your spell library contained the following spells:

 Spells                   Type           Power      Damage    Failure   Level
 Sandblast                Erth           0%         2d4       97%         1


Dungeon Overview and Level Annotations

Branches:
Dungeon (10/15)            Temple (1/1) D:5            Lair (2/6) D:10
  Snake (0/4) Lair:2          Orc (0/2) D:10        Ossuary (visited)
  Swamp: Lair:2-4    Shoals: Lair:2-4

Altars:
Ashenzari
Cheibriados
Dithmenos
Elyvilon
Fedhas
Gozag
Hepliaklqana
Kikubaaqudgha
Makhleb
Nemelex Xobeh
Okawaru
Qazlal
Ru
Sif Muna
Trog
Uskayaw
Vehumet
Wu Jian
Xom
Yredelemnul
Zin
The Shining One

Annotations:
D:5 1 runed translucent door, RatsInWalls's ghost, novice HuMo
D:10 2 runed translucent doors, osinmv's ghost, journeyman TrBe


Innate Abilities, Weirdness & Mutations

You are resistant to damage.
You can heal yourself by infusing magical energy.
You passively map the area around you.
You do not regenerate.


Message History

You swap places.
Your blink frog dissolves into shadows!
You are no longer poisoned.
Your blink frog dissolves into shadows!
Your wolf dissolves into shadows!
Your wolf dissolves into shadows!
You now have 621 gold pieces (gained 8).
Your blink frog blinks!
Your wolf dissolves into shadows!
Your wolf dissolves into shadows!
Your blink frog blinks!
Your blink frog dissolves into shadows!
Your wolf dissolves into shadows!
b - a wand of iceblast (2)
O - a ring of flight A black mamba and a bullfrog come into view.
The bullfrog gives a loud, deep croak!
There are monsters nearby!
You block the bullfrog's attack.
You slice the bullfrog!! You burn the bullfrog.
You kill the bullfrog!
Trog accepts your kill.
You miss the black mamba. The black mamba bites you.
You are poisoned.
The black mamba poisons you! The black mamba bites you!
* * * LOW HITPOINT WARNING * * *
You are more poisoned.
The black mamba poisons you!
You barely miss the black mamba.
You feel extremely sick.
The black mamba bites you but does no damage.
The black mamba bites you.
You are lethally poisoned!
The black mamba poisons you!
You slash the black mamba! You burn the black mamba.
The black mamba is moderately wounded.
* * * LOW HITPOINT WARNING * * *
You feel extremely sick. The black mamba bites you.
* * * LOW HITPOINT WARNING * * *
The black mamba bites you!
You die...

**** ..........##.... ##
..............#.
##.##........##......
#........#....#......
*##.P.# #.....P.....
#..P## ##.........#
##..## #..........#
#.S.####.......##...
##.@#.#....#...####.
#####..##..#....... #.
#..##......#..##.## ##.
##....##..P.##. ..# #.F
#..P.####P...#,...####..
#.##.######..#..........
##...##.##.........#.#.#
#......##P...#P........
*#............# ##.#....


You could see a black mamba.

Vanquished Creatures
  2 hydras
  Harold (D:7)
  5 black mambas (Lair:2)
  A cane toad (Lair:2)
  Maggie (D:7)
  A komodo dragon (Lair:2)
  2 trolls
  A hornet (D:8)
  A meliai zombie (D:10)
  A shadow (D:10)
  A wraith (Ossuary)
  Sigmund (D:2)
  A basilisk (Lair:2)
  3 wyverns
  12 yaks (Lair:1)
  A steam dragon (D:10)
  2 wargs (D:10)
  An acid dragon (D:9)
  11 water moccasins
  4 orc warriors
  A black bear (D:4)
  3 ice beasts
  4 ogres
  A necrophage (D:7)
  2 centaurs (D:9)
  A phantom (D:6)
  3 kobold brigands
  6 bullfrogs
  2 water moccasin zombies
  2 scorpions
  10 wights
  5 howler monkeys
  2 centaur zombies
  2 jellies (D:4)
  2 centaur skeletons (D:7)
  3 hounds
  2 gnoll shamans
  8 orc priests
  10 orc wizards
  2 iguanas
  2 killer bee zombies
  A hound skeleton (D:3)
  A mummy (Ossuary)
  2 howler monkey zombies (D:9)
  17 gnolls
  A howler monkey skeleton (D:3)
  4 adders
  A shadow imp (D:7)
  An ufetubus (D:6)
  An adder zombie (D:3)
  An adder skeleton (D:3)
  4 worms
  4 dart slugs
  41 orcs
  8 endoplasms
  4 giant cockroaches
  9 goblins
  11 hobgoblins
  2 quokkas
  5 ball pythons
  6 bats
  A frilled lizard (D:1)
  5 gnoll skeletons (Ossuary)
  16 kobolds
  6 kobold skeletons (Ossuary)
  14 orc skeletons (Ossuary)
  6 rats
298 creatures vanquished.

Vanquished Creatures (others)
  5 fungi
  15 plants
20 creatures vanquished.

Grand Total: 318 creatures vanquished

Notes
Turn   | Place    | Note
-------+----------+-------------------------------------------
     0 | D:1      | acdeimund the Deep Dwarf Fighter began the quest for the
                  | Orb.
     0 | D:1      | Reached XP level 1. HP: 20/20 MP: 1/1
   313 | D:1      | Reached XP level 2. HP: 27/27 MP: 2/2
   720 | D:1      | Reached XP level 3. HP: 27/34 MP: 3/3
  1172 | D:2      | Noticed Sigmund
  1273 | D:2      | Found a faded altar of an unknown god.
  1302 | D:2      | Got Plato's Reference Book on Stones
  1497 | D:3      | Reached XP level 4. HP: 29/42 MP: 4/4
  2208 | D:4      | Reached XP level 5. HP: 43/49 MP: 5/5
  2214 | D:4      | Noticed a black bear
  2519 | D:5      | Entered Level 5 of the Dungeon
  2519 | D:5      | Noticed a troll
  3424 | D:4      | Killed a troll
  3425 | D:4      | Reached skill level 5 in Armour
  3425 | D:4      | Reached skill level 5 in Shields
  3425 | D:4      | Reached XP level 6. HP: 47/57 MP: 5/5
  3500 | D:4      | Reached XP level 7. HP: 54/66 MP: 6/6
  3578 | D:5      | Noticed RatsInWalls's ghost (novice HuMo)
  3581 | D:5      | Found a runed translucent door.
  3641 | D:5      | Reached skill level 5 in Axes
  3787 | D:5      | Found a staircase to the Ecumenical Temple.
  3796 | Temple   | Entered the Ecumenical Temple
  4037 | Temple   | Became a worshipper of Trog the Wrathful
  4121 | D:5      | Reached skill level 5 in Fighting
  4121 | D:5      | Reached XP level 8. HP: 60/74 MP: 7/7
  4641 | D:2      | Killed Sigmund
  5147 | D:6      | Found a sand-covered staircase.
  5166 | Ossuary  | Entered an ossuary
  5286 | Ossuary  | Reached * piety under Trog
  5401 | D:6      | Found a shadowy altar of Dithmenos.
  5405 | D:6      | Found an opulent altar of Gozag.
  5543 | D:6      | Gained mutation: You passively map the area around you.
                  | [Deep Dwarf growth]
  5543 | D:6      | Reached XP level 9. HP: 69/82 MP: 7/7
  5674 | D:6      | Found a basalt altar of Yredelemnul.
  5786 | D:6      | Found a burning altar of Makhleb.
  6030 | D:7      | Noticed Maggie
  6061 | D:7      | Killed Maggie
  6061 | D:7      | Reached ** piety under Trog
  6498 | D:7      | Noticed Harold
  6506 | D:7      | Killed Harold
  6507 | D:7      | Reached XP level 10. HP: 94/94 MP: 8/8
  6978 | D:8      | Paralysed by a hornet for 3 turns
  7109 | D:8      | Found a shimmering blue altar of Sif Muna.
  7118 | D:8      | Found a stormy altar of Qazlal.
  7609 | D:9      | Reached skill level 1 in Evocations
  7616 | D:9      | Reached *** piety under Trog
  8140 | D:10     | Entered Level 10 of the Dungeon
  8140 | D:10     | Found a large runed translucent door.
  8140 | D:10     | Found a large runed translucent door.
  8241 | D:10     | Noticed a centaur warrior
  8241 | D:10     | Noticed a centaur warrior
  8474 | D:10     | Noticed osinmv's ghost (journeyman TrBe)
  8557 | D:10     | Found a staircase to the Orcish Mines.
  8621 | D:10     | Reached **** piety under Trog
  8723 | D:10     | Found a staircase to the Lair.
  9080 | Lair:1   | Entered Level 1 of the Lair of Beasts
  9125 | Lair:1   | Noticed a four-headed hydra
  9132 | Lair:1   | Killed a one-headed hydra
  9133 | Lair:1   | Reached XP level 11. HP: 98/103 MP: 6/6
  9240 | Lair:1   | Reached skill level 10 in Armour
  9242 | Lair:1   | Reached skill level 10 in Shields
 10224 | Lair:2   | Noticed a death yak
 10320 | Lair:2   | Reached skill level 10 in Axes
 10344 | Lair:2   | Found a staircase to the Snake Pit.
 10407 | Lair:2   | Noticed a four-headed hydra
 10418 | Lair:2   | Killed a one-headed hydra
 10720 | Lair:2   | Reached skill level 5 in Evocations
 10804 | Lair:2   | Mangled by a black mamba

Illustrated notes

Levels and vault maps discovered:
D:1:      minmay_arrival_checkered_box, layout_basic,
          amcnicky_mini_corridor_feature
D:2:      layout_basic, shapermc_ecumenical_altar_rom_forum,
          hangedman_decor_growths, kennysheep_generic_room_7, uniq_sigmund
D:3:      layout_loops_ring, serial_undead, serial_undead_e, serial_undead_e,
          serial_undead_a, serial_undead_c, serial_undead_d
D:4:      layout_basic, uniq_crazy_yiuf_cottage
D:5:      layout_rooms, minmay_temple_entry_statues_pillars,
          hellmonk_ghost_happy_afterlife
D:6:      layout_basic, bloody_makhleb, mainiacjoe_overflow_tiny_flanked,
          minitemple, enter_ossuary_2, glass_columns_a,
          minmay_misc_feat_secret_circle
D:7:      layout_basic, uniq_harold, uniq_maggie
D:8:      layout_rooms, mainiacjoe_overflow_big_doors
D:9:      layout_cave_pools, kennysheep_generic_room_2
D:10:     layout_long_grid, lair_entry_dummy, david_orc_1_choice,
          ebering_ghost_disaster_area, lightli_corner_chamber
Temple:   eino_temple_scatter_basement
Lair:1:   layout_cave_pods, grunt_megastairs_4
Lair:2:   layout_layer_cave, minmay_snake_entry_six_corridors, st_stairs_4,
          beast_lair_carwin_6

Skill      XL: |  1  2  3  4  5  6  7  8  9 10 11 |
---------------+----------------------------------+-----
Fighting       | 3 4 5 6 7 8 9 |  9.2
Axes           | 3 4 5 6 8 9 10 | 10.6
Armour         | 4 5 6 7 8 9 10 | 10.9
Shields        | 4 5 6 7 8 9 10 | 10.9
Evocations     | 3 5 |  5.0

Action                   |  1- 3 |  4- 6 |  7- 9 | 10-12 || total
-------------------------+-------+-------+-------+-------++-------
Melee: War axe           |   100 |   106 |   343 |   375 ||   924
Throw: Stone             |     4 |       |       |       ||     4
       Javelin           |       |     2 |     7 |     4 ||    13
Invok: Berserk           |       |       |     2 |     1 ||     3
       Trog's Hand       |       |       |     1 |     2 ||     3
 Abil: Heal Wounds       |       |     5 |     9 |    22 ||    36
  Use: Scroll            |     3 |     7 |     5 |     6 ||    21
       Potion            |       |     1 |     2 |     3 ||     6
Armor: Scale mail        |     9 |       |       |       ||     9
       Chain mail        |    44 |    59 |   145 |    54 ||   302
       Plate armour      |       |       |       |    96 ||    96
Dodge: Dodged            |    36 |    33 |    93 |   105 ||   267
Block: Buckler           |    19 |    49 |   177 |   228 ||   473
       Reflection        |       |     1 |     5 |     6 ||    12
